 Dungeon Crawl Stone Soup version 0.26.1-10-gdfb7c7de75 (webtiles) character file.

Game seed: 14470968752857965189

6293 Mattiprrivan the Cruncher (level 10, 0/88 HPs)
             Began as a Demigod Gladiator on Apr 7, 2021.
             Killed by an exploding an orc warrior (4 damage)
             ... exploding inner flame
             ... on level 1 of the Orcish Mines on Apr 9, 2021.
             The game lasted 01:38:54 (11851 turns).

Mattiprrivan the Cruncher (Demigod Gladiator)      Turns: 11851, Time: 01:38:58

Health: 0/88       AC: 10    Str: 21    XL:     10   Next: 37%
Magic:  13/13      EV: 12    Int: 15    God:
Gold:   220        SH:  0    Dex: 19    Spells: 9/9 levels left

rFire    + + .     SeeInvis .   n - +7 spear (flame)
rCold    + . .     Faith    .   (no shield)
rNeg     . . .     Spirit   .   i - +1 leather armour {rPois}
rPois    +         Reflect  .   g - +2 helmet {Int+3}
rElec    .         Harm     .   s - scarf {rC+ rF+}
rCorr    .         Rampage  .   f - +2 pair of gloves
Will     +....                  (no boots)
Stlth    +++.......             (no amulet)
HPRegen  0.24/turn              u - +4 ring of evasion
MPRegen  0.13/turn              e - ring of protection from fire

@: petrifying, studying Throwing, very slow
A: large bone plates 1, high mp 1, robust 1, evolution 1, no potion heal 1
a: no special abilities


You were on level 1 of the Orcish Mines.
You visited 2 branches of the dungeon, and saw 11 of its levels.

You collected 490 gold pieces.
You spent 270 gold pieces at shops.

Inventory:

Hand Weapons
 a - a +1 quarterstaff of electrocution
 n - a +7 spear of flaming (weapon)
Missiles
 x - 3 javelins (quivered)
Armour
 f - a +2 pair of gloves (worn)
 g - a +2 helmet of intelligence (worn)
 i - a +1 leather armour of poison resistance (worn)
 s - a scarf of resistance (worn)
 t - a +0 troll leather armour
Jewellery
 e - a ring of protection from fire (right hand)
 h - an uncursed ring of flight
 u - a +4 ring of evasion (left hand)
 y - an uncursed ring of resist corrosion
Wands
 c - a wand of digging (4)
 q - a wand of paralysis (3)
 A - a wand of random effects (24)
Scrolls
 b - 5 scrolls of identify
 d - 6 scrolls of remove curse
 l - a scroll of fog
 w - a scroll of blinking
Potions
 z - a potion of curing
Books
 o - a manual of Throwing


   Skills:
 * Level 4.6 Fighting
 * Level 3.7(5.3) Axes
 * Level 3.8(6.9) Maces & Flails
 * Level 4.1(7.1) Polearms
 * Level 8.1(9.0) Staves
 * Level 5.5 Throwing
 * Level 4.0 Armour
 * Level 5.0 Dodging
 * Level 4.5 Stealth
 * Level 3.5 Evocations


You had 9 spell levels left.
You didn't know any spells.
Your spell library contained the following spells:

 Spells                   Type           Power        Failure   Level
 Animate Skeleton         Necr           0%           30%         1
 Apportation              Tloc           0%           30%         1
 Magic Dart               Conj           0%           30%         1
 Pain                     Necr           0%           30%         1
 Sting                    Tmut/Pois      0%           30%         1
 Searing Ray              Conj           0%           43%         2
 Dazzling Flash           Conj/Hex       0%           67%         3
 Lesser Beckoning         Tloc           0%           67%         3
 Tukima's Dance           Hex            0%           67%         3
 Vampiric Draining        Necr           0%           67%         3
 Animate Dead             Necr           0%           97%         4
 Fulminant Prism          Conj/Hex       0%           97%         4
 Iskenderun's Mystic Bla  Conj/Tloc      0%           97%         4
 Agony                    Necr           0%           100%        5
 Alistair's Intoxication  Tmut/Pois      0%           100%        5
 Invisibility             Hex            0%           100%        6


Dungeon Overview and Level Annotations

Branches:
Dungeon (10/15)            Temple (0/1) D:4             Orc (1/2) D:10
   Lair: D:8-11

Shops:
D:7 =   D:8 *   Orc:1 }


Innate Abilities, Weirdness & Mutations

You have an increased reservoir of magic. (+10% MP)
You are partially covered in large bone plates. (SH +4)
You are robust. (+10% HP)
You evolve.
Potions are less effective at restoring your health.


Message History

Reactivating autopickup.
You feel a bit more experienced.
The fiery explosion engulfs Jorgrun!!!
The fiery explosion engulfs the orc!!!
The fiery explosion engulfs the ogre!!!
The fiery explosion engulfs the orc!!!
The fiery explosion engulfs the ogre!!
Flame seeps out of the ogre.
The ogre is severely wounded.
The orc explodes!
The ogre explodes!
The fiery explosion engulfs the ogre!!!
The ogre explodes!
The orc explodes!
The fiery explosion engulfs the orc warrior!
The orc warrior is heavily wounded.
Jorgrun explodes!
The fiery explosion engulfs you. You resist.
* * * LOW HITPOINT WARNING * * *
The orc wizard explodes!
You feel a bit more experienced.
You hear an explosion!
The orc warrior explodes!
The fiery explosion engulfs you. You resist.
You die...

.$∩$ #$$$# .....##
#...... .$... ...
#### .#.. #.##§§##
.#.o. #@○○○§#
..o..####○§§§#
......##§§§o#
.##o.....§§§....
.........§.#.#..#
.........o.....$#
.......<.$.....#..
..$...o........(..
.$.............


You could see an orc warrior and an orc.

Vanquished Creatures
  Jorgrun (Orc:1)
  2 two-headed ogres (D:8)
  A troll (D:9)
  3 yaks (D:10)
  A basilisk (D:8)
  5 orc warriors
  A hornet zombie (D:10)
  2 sky beasts
  2 ice beasts
  2 necrophages
  2 phantoms
  6 centaurs
  5 ogres
  Blork the orc (D:5)
  4 bullfrogs
  A gnoll sergeant (D:9)
  A wyvern zombie (D:4)
  3 scorpions
  4 wights (D:9)
  An electric eel (D:10)
  9 howler monkeys
  6 hounds
  12 orc wizards
  6 orc priests
  A jelly (D:8)
  2 centaur skeletons
  Jessica (D:3)
  An iguana (D:6)
  7 worker ants
  A hound zombie (D:9)
  3 hound skeletons
  A howler monkey zombie (D:8)
  4 gnolls (D:9)
  4 adders
  4 shadow imps
  2 white imps (D:9)
  An ooze (D:3)
  3 adder zombies
  3 adder skeletons
  A worm (D:5)
  5 leopard geckos
  38 orcs
  6 giant cockroaches
  5 goblins
  10 hobgoblins
  2 jackals (D:4)
  5 quokkas
  6 bats
  2 frilled lizards
  8 kobolds
  A leopard gecko skeleton (D:6)
  4 rats
212 creatures vanquished.

Vanquished Creatures (others)
  A goblin skeleton (D:2)
1 creature vanquished.

Grand Total: 213 creatures vanquished

Notes
Turn   | Place    | Note
-------+----------+-------------------------------------------
     0 | D:1      | Mattiprrivan the Demigod Gladiator began the quest for the
                  | Orb.
     0 | D:1      | Reached XP level 1. HP: 17/17 MP: 3/3
   136 | D:1      | Reached XP level 2. HP: 24/24 MP: 4/4
   388 | D:1      | Reached skill level 3 in Staves
   833 | D:2      | Noticed an ice beast
   841 | D:2      | Killed an ice beast
   842 | D:2      | Reached XP level 3. HP: 29/29 MP: 5/5
   842 | D:2      | Reached XP level 4. HP: 36/36 MP: 6/6
   867 | D:2      | Gained mutation: Your body sometimes deteriorates upon
                  | taking damage. [potion of mutation]
   867 | D:2      | Lost mutation: Your body sometimes deteriorates upon taking
                  | damage. [potion of mutation]
   867 | D:2      | Gained mutation: Your spells are a little harder to cast,
                  | but a little more powerful. [potion of mutation]
  1357 | D:2      | Found a runed translucent door.
  1357 | D:2      | Noticed a human
  1364 | D:2      | Found a basalt altar of Yredelemnul.
  1653 | D:3      | Reached skill level 1 in Armour
  1742 | D:3      | Noticed Jessica
  1759 | D:3      | Killed Jessica
  1760 | D:3      | Reached skill level 1 in Maces & Flails
  1760 | D:3      | Reached skill level 1 in Polearms
  1760 | D:3      | Reached XP level 5. HP: 14/41 MP: 7/7
  2501 | D:4      | Found a glowing silver altar of Zin.
  2523 | D:4      | Found a staircase to the Ecumenical Temple.
  2543 | D:4      | Reached skill level 1 in Axes
  2543 | D:4      | Reached skill level 4 in Staves
  2720 | D:4      | Found a shimmering blue altar of Sif Muna.
  2751 | D:4      | Reached skill level 1 in Stealth
  2751 | D:4      | Identified Sif Muna's Handbook of Transformation
  3097 | D:4      | Reached XP level 6. HP: 24/50 MP: 8/8
  3303 | D:4      | Got a fine dagger
  3304 | D:4      | Identified the cursed +1 dagger "Pinats" {vorpal, Dex+5}
                  | (You found it on level 4 of the Dungeon)
  3680 | D:5      | Entered Level 5 of the Dungeon
  3794 | D:5      | Found a shadowy altar of Dithmenos.
  3841 | D:5      | Lost mutation: Your spells are a little harder to cast, but
                  | a little more powerful. [potion of mutation]
  3841 | D:5      | Gained mutation: You are robust. (+10% HP) [potion of
                  | mutation]
  3841 | D:5      | Gained mutation: Potions are less effective at restoring
                  | your health. [potion of mutation]
  3841 | D:5      | Gained mutation: You are dopey. (Int -2) [potion of
                  | mutation]
  3841 | D:5      | Gained mutation: You evolve. [potion of mutation]
  4147 | D:5      | Found a glowing golden altar of the Shining One.
  4148 | D:5      | Found a snail-covered altar of Cheibriados.
  4148 | D:5      | Found a shadowy altar of Dithmenos.
  4161 | D:5      | Found a sacrificial altar of Ru.
  4164 | D:5      | Found a hide-covered altar of Uskayaw.
  4254 | D:5      | Noticed Blork the orc
  4268 | D:5      | Killed Blork the orc
  4269 | D:5      | Reached XP level 7. HP: 40/61 MP: 9/9
  4467 | D:5      | Found a faded altar of an unknown god.
  4467 | D:5      | Found a broken altar of Ashenzari.
  4475 | D:5      | Found a faded altar of an unknown god.
  4481 | D:5      | Found a white marble altar of Elyvilon.
  4483 | D:5      | Found an opulent altar of Gozag.
  4966 | D:6      | Reached skill level 5 in Staves
  5334 | D:6      | Lost mutation: You are dopey. (Int -2) [evolution]
  5450 | D:6      | Reached skill level 1 in Evocations
  5579 | D:6      | Reached XP level 8. HP: 55/69 MP: 10/10
  6808 | D:7      | Found an ornate altar of the Wu Jian Council.
  7068 | D:7      | Found an ancient bone altar of Kikubaaqudgha.
  7075 | D:7      | Reached skill level 6 in Staves
  7756 | D:7      | Found Eriwuol's Jewellery Boutique.
  7807 | D:7      | Found an ornate altar of the Wu Jian Council.
  8462 | D:8      | Found Tupsapt's General Store.
  8470 | D:8      | Bought a wand of paralysis (13) for 180 gold pieces
  8470 | D:8      | Bought 2 scrolls of identify for 48 gold pieces
  8470 | D:8      | Bought a scroll of fear for 42 gold pieces
  8910 | D:8      | Noticed a two-headed ogre
  8914 | D:8      | Noticed a two-headed ogre
  8921 | D:8      | Killed a two-headed ogre
  8922 | D:8      | Reached XP level 9. HP: 65/78 MP: 11/11
  8948 | D:8      | Killed a two-headed ogre
  8949 | D:8      | Reached skill level 7 in Staves
 10213 | D:9      | Reached XP level 10. HP: 88/88 MP: 13/13
 10495 | D:10     | Entered Level 10 of the Dungeon
 10527 | D:10     | Reached skill level 8 in Staves
 10926 | D:10     | Reached skill level 5 in Throwing
 11155 | D:10     | Reached skill level 5 in Dodging
 11398 | D:10     | Found a staircase to the Orcish Mines.
 11427 | D:10     | Gained mutation: You are partially covered in large bone
                  | plates. (SH +4) [evolution]
 11827 | Orc:1    | Entered Level 1 of the Orcish Mines
 11827 | Orc:1    | Noticed Jorgrun
 11844 | Orc:1    | Found Gileanog's Gadget Shoppe.
 11851 | Orc:1    | Killed Jorgrun
 11851 | Orc:1    | HP: 4/88 [spore (4)]
 11851 | Orc:1    | Killed by an exploding an orc warrior... exploding inner
                  | flame

Illustrated notes

Levels and vault maps discovered:
D:1:      giann_bridges, layout_basic, fountainhead
D:2:      layout_loops_ring, dk_yredelemnul_ordeal
D:3:      layout_loops_ring, uniq_jessica
D:4:      layout_loops_ring, nicolae_overflow_crystal_walls,
          minmay_temple_entry_large_hall, led_sif_book
D:5:      layout_basic, chequers_temple_overflow_minitemple,
          minmay_overflow_temple_star_hex, nicolae_dithmenos_the_darkroom,
          uniq_blork_the_orc
D:6:      minmay_inner_zag, layout_gridville, chequers_serial_rivers_small_b,
          kennysheep_generic_room_8
D:7:      layout_layer_cave, pdpol_wu_jian_five_deadly_venoms, serial_shops,
          kennysheep_mini, hangedman_feature_mirror
D:8:      layout_basic, serial_shops, nicolae_shop_stone, minmay_manual_mail
D:9:      layout_basic
D:10:     layout_loops_ring, erik_orc_2, chequers_serial_rivers_small_3
Orc:1:    layout_caves, serial_shops, shop_coins, uniq_fannar, uniq_jorgrun

Skill      XL: |  1  2  3  4  5  6  7  8  9 10 |
---------------+-------------------------------+-----
Dodging        | 3 4 5 |  5.0
Staves         | 3 4 5 6 7 8 |  8.1
Fighting       | 2 3 4 |  4.6
Throwing       | 2 3 4 5 |  5.5
Armour         | 1 2 3 4 |  4.0
Maces & Flails | 1 2 3 |  3.8
Polearms       | 1 2 3 4 |  4.1
Axes           | 1 2 3 |  3.7
Stealth        | 1 2 3 4 |  4.5
Evocations     | 1 2 3 |  3.5

Action                   |  1- 3 |  4- 6 |  7- 9 | 10-12 || total
-------------------------+-------+-------+-------+-------++-------
Melee: Quarterstaff      |    60 |   148 |   381 |     7 ||   596
       Whip              |     4 |       |       |       ||     4
       Spear             |       |       |     2 |   113 ||   115
Throw: Throwing net      |     1 |    13 |       |       ||    14
       Boomerang         |       |       |       |    29 ||    29
       Javelin           |       |       |       |    23 ||    23
Evoke: Wand              |       |       |    36 |    11 ||    47
  Use: Scroll            |     5 |     9 |    14 |     6 ||    34
       Potion            |     3 |    10 |     7 |     5 ||    25
 Stab: Held in net/web   |     1 |     2 |       |       ||     3
       Sleeping          |       |     1 |     5 |       ||     6
       Paralysed         |       |       |    15 |       ||    15
       Distracted        |       |       |       |     2 ||     2
Armor: Leather armour    |    16 |    38 |    95 |    19 ||   168
Dodge: Dodged            |    65 |    87 |   272 |    52 ||   476
Block: Other             |       |       |       |     1 ||     1
